 Dungeon Crawl Stone Soup version 0.28.0-53-g5a82cb258f (webtiles) character file.

Game seed: 7003145063366818995

2623 funkygono the Protected (level 9, -3/78 HPs)
             Began as a Minotaur Fighter on June 29, 2022.
             Was a Believer of Okawaru.
             Slain by a death yak (4 damage)
             ... on level 8 of the Dungeon.
             The game lasted 00:16:44 (6191 turns).

funkygono the Protected (Minotaur Fighter)          Turns: 6191, Time: 00:16:44

Health: -3/78      AC: 19    Str: 26    XL:     9   Next: 34%
Magic:  8/8        EV:  6    Int: 11    God:    Okawaru [**....]
Gold:   395        SH:  9    Dex:  9    Spells: 8/8 levels left

rFire   . . .      SeeInvis .   a - +1 long sword (vamp)
rCold   . . .      Faith    .   l - +0 kite shield
rNeg    . . .      Spirit   .   k - +0 plate armour
rPois   .          Reflect  .   (helmet restricted)
rElec   .          Harm     .   D - +0 cloak
rCorr   .          Rampage  .   t - +0 pair of gloves
Will    +....                   n - +1 pair of boots
Stlth   ..........              (no amulet)
HPRegen 0.23/turn               s - ring of willpower
MPRegen 0.11/turn               F - +6 ring of intelligence

@: no status effects
A: horns 2, retaliatory headbutt
a: Renounce Religion, Heroism


You were on level 8 of the Dungeon.
You worshipped Okawaru.
Okawaru was pleased with you.
You visited 2 branches of the dungeon, and saw 9 of its levels.
You also visited: Sewer.

You collected 395 gold pieces.

Inventory:

Hand Weapons
 a - a +1 vampiric long sword (weapon)
 b - a +0 hand crossbow
 j - a +0 mace
 u - the +4 hand axe of the Spheres {holy, *Noise rPois rF+}
   (You found it on level 4 of the Dungeon)

   It has been blessed by the Shining One to cause great damage to the undead
   and demons.
   rF:        It protects you from fire.
   rPois:     It protects you from poison.
   *Noise:    It may make noises in combat.
 y - a +2 war axe of venom
 H - a +4 quarterstaff of chaos
 L - a +0 battleaxe
Missiles
 e - 3 silver boomerangs (quivered)
 g - 15 poisoned darts
 w - 92 bolts
 C - 4 boomerangs
 I - 2 throwing nets
Armour
 f - a scarf of harm
 h - the +0 robe "Okyl" {rF++}
   (You found it on level 2 of the Dungeon)

   rF:        It greatly protects you from fire.
 k - a +0 plate armour (worn)
 l - a +0 kite shield (worn)
 n - a +1 pair of boots (worn)
 o - a +0 troll leather armour {Pargi}
 t - a +0 pair of gloves (worn)
 D - a +0 cloak (worn)
Magical Staves
 q - a staff of death
Jewellery
 s - a ring of willpower (left hand)
 F - a +6 ring of intelligence (right hand)
 G - a ring of flight
Wands
 A - a wand of charming (4)
Scrolls
 c - 2 scrolls of teleportation
 v - 5 scrolls of fear
 K - a scroll of brand weapon
Potions
 d - a potion of might
 i - 3 potions of mutation
 m - 4 potions of curing
 p - 2 potions of resistance
 r - 2 potions of heal wounds
 x - a potion of ambrosia
 z - a potion of attraction
 B - a potion of magic {unknown}
 E - a potion of lignification {unknown}
 J - a potion of invisibility {unknown}


   Skills:
 + Level 6.7 Fighting
 + Level 7.5 Long Blades
 - Level 4.3 Axes
 + Level 4.9 Crossbows
 + Level 8.7 Armour
 + Level 1.7 Dodging
 + Level 1.1 Stealth
 + Level 6.2 Shields


You had 8 spell levels left.
You didn't know any spells.
Your spell library contained the following spells:

 Spells                   Type           Power      Damage    Failure   Level
 Pain                     Necr           0%         1d4       100%        1
 Vampiric Draining        Necr           0%         2d6       100%        3
 Animate Skeleton         Necr           Unusable   N/A       N/A         1

Dungeon Overview and Level Annotations

Branches:
Dungeon (8/15)             Temple (1/1) D:5            Lair (0/6) D:8
  Sewer (visited)

Altars:
Ashenzari
Cheibriados
Dithmenos
Fedhas
Gozag
Hepliaklqana
Kikubaaqudgha
Makhleb
Nemelex Xobeh
Okawaru
Qazlal
Ru
Trog
Uskayaw
Vehumet
Wu Jian
Xom
Zin
The Shining One

Shops:
D:2 :


Innate Abilities, Weirdness & Mutations

You have a pair of horns on your head.
You reflexively headbutt those who attack you in melee.


Message History

You kill the death yak!
Okawaru is honoured by your kill.
The death yak gores you but does no damage.
Your Long Blades skill increases to level 7!
Your Armour skill increases to level 8!
You hit the death yak but do no damage. The death yak closely misses you.
You slash the death yak!
You feel better.
The death yak is lightly wounded.
The death yak gores you but does no damage.
You slash the death yak!
The death yak is moderately wounded.
You block the death yak's attack.
You hit the death yak but do no damage.
The death yak is moderately wounded.
The death yak gores you but does no damage. x2
You hit the death yak.
You feel better.
The death yak is moderately wounded.
The death yak barely misses you.
You slash the death yak!
You feel better.
The death yak is moderately wounded.
The death yak gores you but does no damage.
You hit the death yak.
The death yak is moderately wounded.
The death yak gores you but does no damage.
The yak snorts and paws the ground.
You hit the death yak but do no damage. You headbutt the death yak.
The death yak is heavily wounded.
You block the death yak's attack.
You barely miss the death yak.
The death yak is heavily wounded.
The death yak gores you.
You barely miss the death yak.
The death yak is heavily wounded.
The death yak gores you!
* * * LOW HITPOINT WARNING * * *
The orc priest calls down the wrath of Beogh upon you.
Beogh smites you!
* * * LOW HITPOINT WARNING * * *
The death yak gores you.
You die...

#....#.##..........#'#..#
.#######.###.#..#.##.#..#_#..#
...>....## ##........#..#+#..#
.#######.###.#..#.####......##
##.#.......?####.....#
##.###..#.......#.### ###
#............# ##.#...########
######@###..# #.oYYY## ##...
#.#Y##.# .####


.oY ..# . ..... .#.## ....... .#... .??.... .# ##. ..>.#Y. .# . #...#.. .# You
could see 2 death yaks, 2 yaks, an orc priest and an orc wizard.

Vanquished Creatures
  A death yak (D:8)
  Grinder (D:6)
  Prince Ribbit (D:7)
  Duvessa (D:7)
  Pargi (Sewer)
  An ice beast (D:5)
  A necrophage (D:6)
  2 ogres
  Blork the orc (D:5)
  A kobold brigand (D:5)
  A wyvern zombie (D:8)
  2 scorpions
  A water moccasin zombie (D:5)
  Dowan (D:7)
  A killer bee (D:4)
  A howler monkey (D:4)
  A centaur zombie (D:5)
  4 hounds
  A bullfrog skeleton (D:5)
  A centaur skeleton (D:5)
  Crazy Yiuf (D:6)
  A jelly (D:6)
  7 iguanas
  A howler monkey zombie (D:7)
  6 adders
  A white imp (D:5)
  2 ufetubi (D:4)
  An adder skeleton (D:4)
  A worm (D:2)
  2 dart slugs
  12 orcs
  6 bats
  9 endoplasms
  3 giant cockroaches
  8 goblins
  5 hobgoblins
  3 jackals (D:2)
  3 quokkas
  11 ball pythons
  4 frilled lizards
  12 kobolds
  18 rats
142 creatures vanquished.

Notes
Turn   | Place    | Note
-------+----------+-------------------------------------------
     0 | D:1      | funkygono the Minotaur Fighter began the quest for the Orb.
     0 | D:1      | Reached XP level 1. HP: 19/19 MP: 0/0
    74 | D:1      | Found a faded altar of an unknown god.
   293 | D:1      | Reached XP level 2. HP: 22/27 MP: 1/1
   511 | D:1      | Reached skill level 4 in Armour
   704 | D:2      | Identified the +0 robe "Okyl" {rF++}
   747 | D:2      | Found Igahiegh's Book Boutique.
   821 | D:2      | Reached XP level 3. HP: 28/33 MP: 2/2
  1564 | D:3      | Reached XP level 4. HP: 19/40 MP: 3/3
  1732 | D:3      | Found a hazy altar of Hepliaklqana.
  1791 | D:3      | Found a glowing drain.
  1800 | Sewer    | Entered a sewer
  1849 | Sewer    | Noticed Pargi
  1856 | Sewer    | Killed Pargi
  1857 | Sewer    | Reached skill level 5 in Armour
  1857 | Sewer    | Reached XP level 5. HP: 45/47 MP: 4/4
  2468 | D:4      | Reached skill level 1 in Dodging
  2495 | D:4      | Reached XP level 6. HP: 43/53 MP: 5/5
  2730 | D:4      | Reached skill level 5 in Long Blades
  3033 | D:4      | Found a shimmering altar of Xom.
  3398 | D:4      | Reached skill level 6 in Armour
  3398 | D:4      | Reached skill level 5 in Shields
  3398 | D:4      | Reached XP level 7. HP: 60/60 MP: 6/6
  3538 | D:4      | Found a blossoming altar of Fedhas.
  3543 | D:4      | Identified the +4 hand axe of the Spheres {holy, *Noise
                  | rPois rF+}
  3650 | D:5      | Entered Level 5 of the Dungeon
  3707 | D:5      | Reached skill level 5 in Fighting
  3707 | D:5      | Found a broken altar of Ashenzari.
  3715 | D:5      | Noticed Blork the orc
  3726 | D:5      | Killed Blork the orc
  3927 | D:5      | Reached skill level 1 in Axes
  4133 | D:5      | Found a shadowy altar of Dithmenos.
  4141 | D:5      | Reached XP level 8. HP: 69/69 MP: 7/7
  4177 | D:5      | Reached skill level 7 in Armour
  4264 | D:5      | Found a staircase to the Ecumenical Temple.
  4288 | Temple   | Entered the Ecumenical Temple
  4311 | Temple   | Became a worshipper of Warmaster Okawaru
  4671 | D:6      | Reached skill level 1 in Crossbows
  4739 | D:6      | Noticed Grinder
  4753 | D:6      | Killed Grinder
  4934 | D:6      | Found a runed translucent door.
  4935 | D:6      | Noticed Crazy Yiuf
  4950 | D:6      | Killed Crazy Yiuf
  4950 | D:6      | Reached * piety under Okawaru
  5236 | D:7      | Noticed Prince Ribbit
  5255 | D:7      | Killed Prince Ribbit
  5256 | D:7      | Reached skill level 1 in Stealth
  5318 | D:7      | Noticed Duvessa
  5318 | D:7      | Noticed Dowan
  5338 | D:7      | Killed Duvessa
  5339 | D:7      | Killed Dowan
  5647 | D:7      | Reached XP level 9. HP: 69/78 MP: 8/8
  6120 | D:8      | Found a radiant altar of Vehumet.
  6163 | D:8      | Found a staircase to the Lair.
  6163 | D:8      | Noticed a death yak
  6163 | D:8      | Noticed a death yak
  6171 | D:8      | Noticed a death yak
  6181 | D:8      | Killed a death yak
  6181 | D:8      | Reached ** piety under Okawaru
  6182 | D:8      | Reached skill level 8 in Armour
  6191 | D:8      | HP: 1/78 [orc priest/divine providence (10)]
  6191 | D:8      | Slain by a death yak

Illustrated notes

Levels and vault maps discovered:
D:1:      co_arrival_random_square_maze, layout_basic,
          nicolae_ecumenical_snake_handling, minmay_crystal_room
D:2:      layout_loops_ring, serial_shops, nicolae_shop_waterfront,
          minmay_rat_gold_closets
D:3:      layout_rooms, nicolae_overflow_crystal_walls, portal_sewer_entry_e
D:4:      minmay_evil_eye, layout_loops_ring, amcnicky_altar_gilded,
          marbit_many_paths, glass_columns_a, minmay_bent
D:5:      layout_gridville, mainiacjoe_overflow_small_starburst,
          ashenzari_altar_1, minmay_temple_entry_tees, uniq_blork_the_orc
D:6:      layout_cave_pools, uniq_grinder, uniq_crazy_yiuf_cottage
D:7:      layout_basic, uniq_duvessa, uniq_prince_ribbit1
D:8:      layout_loops_ring, kennysheep_mini_moat, dpeg_lair_monsters,
          serial_undead, serial_undead_d, serial_undead_d, serial_undead_a,
          serial_undead_e
Temple:   cyrus_circular_temple

Skill      XL: |  1  2  3  4  5  6  7  8  9 |
---------------+----------------------------+-----
Fighting       | 4 5 6 |  6.7
Armour         | 4 5 6 7 8 |  8.7
Shields        | 4 5 6 |  6.2
Long Blades    | 3 4 5 6 7 |  7.5
Dodging        | 1 |  1.7
Axes           | 2 4 |  4.3
Crossbows      | 4 |  4.9
Stealth        | 1 |  1.1

Action                   |  1- 3 |  4- 6 |  7- 9 || total
-------------------------+-------+-------+-------++-------
Melee: Long sword        |   100 |   122 |   108 ||   330
       Headbutt          |    17 |    22 |    21 ||    60
       Hand axe          |       |       |    30 ||    30
       War axe           |       |       |     2 ||     2
 Fire: Hand crossbow     |       |       |    50 ||    50
  Use: Scroll            |     3 |     4 |     9 ||    16
       Potion            |       |       |     1 ||     1
 Stab: Invisible         |       |       |     1 ||     1
Armor: Scale mail        |    46 |     1 |       ||    47
       Plate armour      |       |    72 |    79 ||   151
Dodge: Dodged            |    46 |    30 |    22 ||    98
Block: Buckler           |    22 |       |       ||    22
       Kite shield       |    10 |    54 |    47 ||   111
